 Dungeon Crawl Stone Soup version 0.23.0 (webtiles) character file.

Game seed: 17595269402007958748

96 Borgoz the Cutter (level 4, -3/29 HPs)
             Began as a Kobold Monk on Feb 17, 2019.
             Killed from afar by Natasha (6 damage)
             ... with a magic dart
             ... on level 2 of the Dungeon.
             The game lasted 00:04:55 (3242 turns).

Borgoz the Cutter (Kobold Monk)                     Turns: 3242, Time: 00:04:56

Health: -3/29      AC:  4    Str:  9    XL:     4   Next: 98%
Magic:  4/4        EV: 18    Int: 11    God:
Gold:   84         SH:  0    Dex: 17    Spells: 3/3 levels left

rFire    + . .     SeeInvis .   e - +0 dagger
rCold    + . .     Gourm    .   (shield restricted)
rNeg     . . .     Faith    .   k - +2 robe {rC+ rF+}
rPois    .         Spirit   .   (no helmet)
rElec    .         Reflect  .   (no cloak)
rCorr    .         Harm     .   (no gloves)
MR       .....                  (no boots)
Stlth    ++........             m - amulet of regeneration
HPRegen  0.49/turn              j - +1 ring of evasion
MPRegen  0.09/turn              (no ring)

@: no status effects
A: small, carnivore
a: no special abilities


You were on level 2 of the Dungeon.
You were completely stuffed.

You visited 1 branch of the dungeon, and saw 3 of its levels.

You collected 84 gold pieces.

Inventory:

Hand Weapons
 e - a +0 dagger (weapon)
Armour
 h - a +0 ring mail
 k - a +2 robe of resistance (worn)
Jewellery
 d - an uncursed ring of ice
 j - a +1 ring of evasion (left hand)
 m - an amulet of regeneration (around neck)
Scrolls
 a - a scroll of amnesia
 b - a scroll of blinking {unknown}
 f - 2 scrolls of identify
 i - a scroll of immolation {unknown}
 l - a scroll of fog
Comestibles
 c - 8 rations


   Skills:
 + Level 4.2 Fighting
 + Level 5.1 Short Blades
 + Level 4.7 Dodging
 - Level 2.6 Stealth


You had 3 spell levels left.
You didn't know any spells.
Your spell library was empty.

Dungeon Overview and Level Annotations

Branches:
Dungeon (3/15)

Altars:

Annotations:
D:2 Natasha


Innate Abilities, Weirdness & Mutations

You are small and have problems with some larger weapons.
You are carnivorous and can eat meat at any time.


Message History

Natasha mumbles some strange words.
The crimson imp barely misses you.
You hit Natasha but do no damage.
Natasha is almost dead.
Natasha closely misses you.
The crimson imp blinks!
You hit Natasha but do no damage.
Natasha is almost dead.
The crimson imp hits you but does no damage.
Natasha misses you. The crimson imp hits you.
* * * LOW HITPOINT WARNING * * *
You hit Natasha.
Natasha is almost dead.
The crimson imp hits you.
* * * LOW HITPOINT WARNING * * *
The white imp barely misses you.
Natasha howls an incantation.
You feel disoriented. Natasha casts a spell at you. The magic dart hits you.
You die...

#.........# ##........##
#.........#### ######.#...
#............# #..#..
##...........# ##....
##.....#....###############.#
#######.....................
#....######...########
#...55......### #
#...h@....### # #...5.##.## #
#....###..# # #.#### ##.### #
##.# #...# ##..### ###.#
#.....# #.# #####.##
#.##########
#..#######......^...


You could see Natasha, 2 crimson imps and a white imp.

Vanquished Creatures
  Natasha (D:2)
  2 adders
  2 worms (D:2)
  An orc (D:3)
  7 bats
  A giant cockroach (D:3)
  5 goblins
  9 hobgoblins
  4 jackals (D:1)
  5 kobolds
  3 frilled lizards
  5 rats
45 creatures vanquished.

Notes
Turn   | Place    | Note
-------+----------+-------------------------------------------
     0 | D:1      | Borgoz the Kobold Monk began the quest for the Orb.
     0 | D:1      | Reached XP level 1. HP: 14/14 MP: 1/1
   372 | D:1      | Reached XP level 2. HP: 14/19 MP: 2/2
   763 | D:1      | Reached XP level 3. HP: 24/24 MP: 3/3
  1228 | D:2      | Noticed Natasha
  1262 | D:2      | Killed Natasha
  1262 | D:2      | Reached XP level 4. HP: 4/29 MP: 4/4
  2051 | D:2      | Reached skill level 5 in Short Blades
  3207 | D:2      | Noticed Natasha
  3242 | D:2      | Killed from afar by Natasha

Skill      XL: |  1  2  3  4 |
---------------+-------------+-----
Dodging        | 4 |  4.7
Fighting       | 4 |  4.2
Short Blades   | 5 |  5.1
Stealth        | |  2.6

Action                   |  1- 3 |  4- 6 || total
-------------------------+-------+-------++-------
Melee: Short sword       |   106 |       ||   106
       Dagger            |    66 |   207 ||   273
  Use: Potion            |     1 |     1 ||     2
       Scroll            |       |     4 ||     4
 Stab: Sleeping          |     1 |     5 ||     6
  Eat: Chunk             |     9 |     7 ||    16
Armor: Robe              |    26 |    19 ||    45
Dodge: Dodged            |   165 |   119 ||   284
